 Dungeon Crawl Stone Soup version 0.27-a0-1193-g8631133539 (webtiles) character file.

Game seed: 346011074153602139

55 robertstho the Skirmisher (level 3, 0/34 HPs)
             Began as a Minotaur Berserker on May 25, 2021.
             Was a Believer of Trog.
             Slain by Natasha (3 damage)
             ... on level 2 of the Dungeon.
             The game lasted 00:00:57 (1158 turns).

robertstho the Skirmisher (Minotaur Berserker)      Turns: 1158, Time: 00:00:58

Health: 0/34       AC:  2    Str: 21    XL:     3   Next: 67%
Magic:  2/2        EV: 12    Int:  5    God:    Trog [**....]
Gold:   59         SH:  0    Dex:  9    Spells: 2/2 levels left

rFire    . . .     SeeInvis .   a - +0 hand axe
rCold    . . .     Faith    .   (no shield)
rNeg     . . .     Spirit   .   b - +0 animal skin
rPois    .         Reflect  .   (helmet restricted)
rElec    .         Harm     .   (no cloak)
rCorr    .         Rampage  .   (no gloves)
Will     ++...                  (no boots)
Stlth    +.........             (no amulet)
HPRegen  1.11/turn              (no ring)
MPRegen  0.08/turn              (no ring)

@: strong-willed, on berserk cooldown, regenerating, slowed, very slow
A: horns 2, retaliatory headbutt
a: Renounce Religion, Berserk, Trog's Hand


You were on level 2 of the Dungeon.
You worshipped Trog.
Trog was pleased with you.
You visited 1 branch of the dungeon, and saw 2 of its levels.

You collected 59 gold pieces.

Inventory:

Hand Weapons
 a - a +0 hand axe (weapon)
Armour
 b - a +0 animal skin (worn)
Scrolls
 d - a scroll of magic mapping {unknown}
 e - a scroll of brand weapon {unknown}
 f - a scroll of enchant armour {unknown}
Potions
 c - a potion of mutation {unknown}


   Skills:
 * Level 4.6 Fighting
 + Level 4.3 Axes
 * Level 3.0 Armour
 + Level 2.4 Dodging


You had 2 spell levels left.
You didn't know any spells.
Your spell library was empty.

Dungeon Overview and Level Annotations

Branches:
Dungeon (2/15)

Altars:
Elyvilon

Annotations:
D:2 Natasha


Innate Abilities, Weirdness & Mutations

You have a pair of horns on your head.
You reflexively headbutt those who attack you in melee.


Message History

Natasha is nearby!
There is a stone staircase leading down here.
Natasha hisses angrily.
Natasha howls an incantation.
You feel disoriented. Natasha closely misses you.
You hit Natasha. Your headbutt misses Natasha.
Natasha is lightly wounded.
Natasha claws you. Natasha barely misses you.
You hit Natasha.
Natasha is moderately wounded.
Natasha claws you!
* * * LOW HITPOINT WARNING * * *
Natasha claws you!
* * * LOW HITPOINT WARNING * * *
You are too injured to fight recklessly!
You are too injured to fight recklessly!
You are too injured to fight recklessly!
You are too injured to fight recklessly!
You are too injured to fight recklessly!
You are too injured to fight recklessly!
You are too injured to fight recklessly!
You are too injured to fight recklessly!
You are too injured to fight recklessly!
You are too injured to fight recklessly!
You are too injured to fight recklessly!
You are too injured to fight recklessly!
You are too injured to fight recklessly!
You are too injured to fight recklessly!
You are too injured to fight recklessly!
You are too injured to fight recklessly!
You are too injured to fight recklessly!
You are too injured to fight recklessly!
You are too injured to fight recklessly!
You are too injured to fight recklessly!
You are too injured to fight recklessly!
Your skin crawls.
You feel strong-willed. Natasha claws you.
You die...

..
#..................#
...###.######.##..####
.....#.###..>.# ..#
#.....#.####...#
###<#.).####.#..
#.......#..# ..
##.†.†.....# ###
..#....h..(..##..#
#......@.........#
###....>.......?..
#......[..._..##
#.............#
##............#
...............#
##..........#....
#..........##...
#..........# ##


You could see Natasha.

Vanquished Creatures
  Natasha (D:2)
  2 bats (D:1)
  2 endoplasms
  3 goblins (D:1)
  3 hobgoblins
  6 jackals
  A kobold (D:2)
  3 quokkas
  A ball python (D:1)
  3 rats (D:1)
25 creatures vanquished.

Notes
Turn   | Place    | Note
-------+----------+-------------------------------------------
     0 | D:1      | robertstho the Minotaur Berserker began the quest for the
                  | Orb.
     0 | D:1      | Reached XP level 1. HP: 19/19 MP: 0/0
   127 | D:1      | Found a faded altar of an unknown god.
   292 | D:1      | Reached XP level 2. HP: 27/27 MP: 1/1
  1052 | D:2      | Reached ** piety under Trog
  1121 | D:2      | Found a white marble altar of Elyvilon.
  1123 | D:2      | Noticed Natasha
  1130 | D:2      | Reached XP level 3. HP: 26/34 MP: 2/2
  1133 | D:2      | Killed Natasha
  1152 | D:2      | Noticed Natasha
  1158 | D:2      | Slain by Natasha

Illustrated notes

Levels and vault maps discovered:
D:1:      dpeg_arrival_lava_altar, layout_loops_corners, basic_ecumenical_altar
D:2:      layout_rooms, basic_altar, serial_shops, nicolae_shop_crystal,
          chequers_decorated_corner, minmay_fountain_box, minmay_pentomino_q4,
          uniq_natasha

Skill      XL: |  1  2  3 |
---------------+----------+-----
Fighting       | 4 |  4.6
Axes           | 4 |  4.3
Armour         | 3 |  3.0
Dodging        | |  2.4

Action                   || total
-------------------------++-------
Melee: Hand axe          ||    53
       Headbutt          ||     8
Invok: Berserk           ||     1
       Trog's Hand       ||     1
Armor: Animal skin       ||     9
Dodge: Dodged            ||    37

Table legend: (Time is in decaauts)
 A = Elapsed time spent in this place.
 B = Non-inter-level travel time spent in this place.
 C = Inter-level travel time spent in this place.
 D = Time resting spent in this place.
 E = Time spent auto-exploring this place.
 F = Levels seen in this place.
 G = Mean time per level.
                   A        B        C        D        E       F      G
               +--------+--------+--------+--------+--------+-----+--------+
         Total |   1170 |   1155 |     15 |      0 |   1019 |   2 |  585.0 |
       Dungeon |   1170 |   1155 |     15 |      0 |   1019 |   2 |  585.0 |
               +--------+--------+--------+--------+--------+-----+--------+

Top non-repeatable levels by time:
     D:1: 935 daAuts
     D:2: 234 daAuts
